AoeStats
← Simonfrnz

Arena

508965095Analyzed
2v2 RM · 9d ago on Sep 24, 2026· 28m 50s· 4 players
Game mode
Random Map
Map size
Medium (4 player)
Population
200
Speed
Normal
Resources
Standard
Victory
Conquest
Starting age
Dark Age
Ending age
Imperial Age
RankedLock teamsTeams togetherTeam positionsShared explorationLock speedFull tech treeHidden civsTurbo modeCheats
Victory
Defeat
🇦🇷 Turks · Argentina
1008
+17
🇮🇱 Burgundians · Israel
957
+18
🇳🇿 Vikings · New Zealand
1035
-18
🇦🇷 Franks · Argentina
1002
-17
Gordo
8:11 Loom
11:25 Feudal Age
16:01 Castle Age
14:50 Double-Bit Axe
22:54 Scale Barding Armor
23:00 Forging
26:48 Bow Saw
28:12 Wheelbarrow
27:23 Town Watch
Simonfrnz
2:31 Loom
11:05 Feudal Age
12:09 Double-Bit Axe
15:13 Castle Age
13:39 Horse Collar
14:47 Man-at-Arms
15:39 Long Swordsman
18:19 Forging
18:18 Scale Mail Armor
21:14 Iron Casting
21:15 Squires
23:00 Pikeman
24:40 Heavy Plow
24:53 Bow Saw
30:35 Imperial Age
Plastic Sturgeon
10:51 Loom
12:36 Feudal Age
14:11 Double-Bit Axe
16:34 Castle Age
14:28 Horse Collar
18:47 Bow Saw
21:36 Imperial Age
21:33 Padded Archer Armor
Filermon
3:15 Double-Bit Axe
9:28 Horse Collar
12:01 Feudal Age
13:33 Bow Saw
14:03 Gold Mining
16:57 Castle Age
16:00 Gold Mining
16:29 Heavy Plow
17:38 Scale Barding Armor
19:27 Two-Man Saw
21:11 Chain Barding Armor
21:02 Forging
24:27 Gold Shaft Mining
25:40 Husbandry
25:28 Cavalier
26:46 Forging
26:27 Loom
Connection lost

Rejoining the realm…

Still unreachable

The connection could not be restored.

Session expired

The server has moved on; the page needs a fresh start.